[Event "*** Titled Tuesday Blitz"]
[Site "Chess.com"]
[Date "2020.10.20"]
[Round "2"]
[White "Bulldog167"]
[Black "vladgoncharov"]
[Result "1/2-1/2"]
[WhiteElo "2755"]
[BlackElo "2504"]
[TimeControl "180+1"]
[EndTime "10:18:20 PDT"]
[Termination "Game drawn by repetition"]

1. e4 e6 2. Nc3 d5 3. Nf3 Nf6 4.
e5 Nfd7 5. d4 c5 6. dxc5 Nc6 7.
Bf4 h6 8. Bd3 g5 9. Bg3 g4 10. Nd2 Ndxe5 11. Bb5 Bd7 12. Bxc6 Nxc6 13. Nb5 e5 14. Nb3 Be6 15. O-O a6 16. Nd6+ Bxd6 17.
cxd6 Qxd6 18. Re1 d4 19. c3 d3 20. Nd4 O-O-O 21. Nxc6 Qxc6 22. Bxe5 Rhg8 23. Qd2 Bd5 24. Qxd3 Bxg2 25. Qf5+ Rd7 26. Rad1 Bd5 27. Bg3 b5 28. Rd4 Rd8 29. Red1 Be6 30. Qf4 Kb7 31. Rxd7+ Bxd7 32. Qxf7 Kc8 33. Qf4 Kb7 34. Rd6 Qf3 35. Qd4 Bc6 36. Qg7+ Kb6 37. Qd4+ Kb7 38. Qg7+ Kb6 39.
Qd4+ Kb7 1/2-1/2

[Event "*** Titled Tuesday Blitz"]
[Site "Chess.com"]
[Date "2020.10.20"]
[Round "2"]
[White "xamax2000"]
[Black "Aleksandar-Topalov"]
[Result "1-0"]
[WhiteElo "2673"]
[BlackElo "2336"]
[TimeControl "180+1"]
[EndTime "10:18:20 PDT"]
[Termination "xamax2000 won by resignation"]

1. d4 Nf6 2. c4 c5 3. d5 d6 4.
Nc3 g6 5. g3 Bg7 6. Bg2 O-O 7.
Nf3 Na6 8. O-O Nc7 9. e4 Bg4 10. h3 Bxf3 11. Qxf3 Rb8 12. Qe2 a6 13. a4 b5 14. axb5 axb5 15. cxb5 Qe8 16. Ra5 Rb6 17. Bg5 Qd7 18. Rfa1 Rfb8 19. Bf1 h6 20. Be3 e6 21.
dxe6 Nxe6 22. Qd2 Kh7 23. Ra7 R6b7 24. Rxb7 Rxb7 25. Ra6 Bf8 26. Bc4 Nc7 27. e5 Nfe8 28. Ra5 Qxh3 29. Bxf7 dxe5 30. Bxe8 Nxe8 31. Qd8 Qe6 32.
Ra6 Qf7 33. Ra8 Re7 34. b6 Bg7 35. Nd5 Rb7 36. Ra7 Nd6 37. Qxd6 Rxa7 38. bxa7 Qxa7 39. Qxc5 Qa1+ 40. Kg2 Qxb2 41. Qe7 e4 42. Qxe4 h5 43. Nf4 Qf6 44. Nxh5 Qf5 45. Qxf5 gxf5 46. Nxg7 1-0

[Event "*** Titled Tuesday Blitz"]
[Site "Chess.com"]
[Date "2020.10.20"]
[Round "2"]
[White "Pavalamalli"]
[Black "KaterinaMiroshnik"]
[Result "0-1"]
[WhiteElo "2276"]
[BlackElo "2456"]
[TimeControl "180+1"]
[EndTime "10:18:20 PDT"]
[Termination "KaterinaMiroshnik won by resignation"]

1. b3 e6 2. Bb2 Nf6 3. g3 d5 4. Bg2 Be7 5. Nf3 O-O 6. O-O a5 7. a4 c6 8. d3 Nbd7 9. Nbd2 b5 10. e4 b4 11. e5 Ne8 12. Qe2 Nc7 13. Rfe1 c5 14. h4 Nb6 15. Nh2 Ra7 16. h5 Ba6 17. h6 g6 18. Ng4 c4 19. dxc4 dxc4 20.
Nxc4 Nxc4 21. bxc4 Nd5 22. Rad1 Rd7 23. Nf6+ Bxf6 24. exf6 Nb6 25. Rxd7 Qxd7 26. Qe5 Nxc4 27. Qd4 Qxa4 28. Rd1 Qxc2 29. Qd8 Bb5 30. Ba1 b3 31.
Qxf8+ Kxf8 32. Rd8+ Be8 33. Bc6 Nd6 34. Bxe8 Nxe8 35.
Be5 Qc1+ 36. Kg2 Qc5 37. f4 b2 38. Bxb2 Qc2+ 39. Kh3 Qxb2 40. Ra8 Qb5 41. Ra7 Qf5+ 42. Kg2 Qxf6 0-1

[Event "*** Titled Tuesday Blitz"]
[Site "Chess.com"]
[Date "2020.10.20"]
[Round "2"]
[White "vaishali2001"]
[Black "nitpicker"]
[Result "1-0"]
[WhiteElo "2596"]
[BlackElo "2300"]
[TimeControl "180+1"]
[EndTime "10:18:22 PDT"]
[Termination "vaishali2001 won on time"]

1. d4 Nf6 2. Bf4 b6 3. e3 Bb7 4. Nf3 e6 5. Nbd2 d6 6. Be2 Nbd7 7. h3 g6 8. c4 Qe7 9. O-O Bg7 10. Bh2 O-O 11. Qc2 e5 12. d5 a5 13. b3 h5 14.
a3 Nh7 15. Rab1 f5 16. b4 axb4 17. axb4 b5 18. cxb5 Bxd5 19. Bc4 Nb6 20. Bxd5+ Nxd5 21. Qc6 Qf7 22. Rfc1 Rab8 23. Nc4 Rfc8 24. Nfd2 Nhf6 25. Na5 Rb6 26. Qc4 Rcb8 27. Nc6 R8b7 28. Nd8 Qd7 29. Nxb7 Rxb7 30. e4 fxe4 31. Nxe4 Qxb5 32. Nxf6+ Bxf6 33. Qe4 Kg7 34. f4 Nxf4 35. Bxf4 exf4 36. Qxf4 Be5 37.
Qf3 Qb6+ 38. Kh1 Rb8 39. Rf1 1-0

[Event "*** Titled Tuesday Blitz"]
[Site "Chess.com"]
[Date "2020.10.20"]
[Round "2"]
[White "tptagain"]
[Black "AliKa2810"]
[Result "1-0"]
[WhiteElo "2918"]
[BlackElo "2599"]
[TimeControl "180+1"]
[EndTime "10:18:23 PDT"]
[Termination "tptagain won by resignation"]

1. d4 Nf6 2. Nc3 d5 3. Bg5 e6 4. e4 dxe4 5. Nxe4 Be7 6. Bxf6 gxf6 7. Nf3 f5 8. Nc3 a6 9. Qe2 Qd6 10. O-O-O Nd7 11. g3 b6 12. Bg2 Bb7 13. Rhe1 Nf6 14. Nh4 Bxg2 15. Nxg2 c6 16. Kb1 b5 17. Nf4 O-O-O 18.
Nd3 Nd7 19. Qh5 Rhf8 20. Qxh7 Nf6 21. Qh3 Qxd4 22. Qg2 Nd5 23. Nxd5 Qxd5 24. Qf1 Bf6 25. Nb4 Qc5 26. Nxa6 Rxd1+ 27. Rxd1 Qe5 28. c3 Rd8 29.
Rxd8+ Bxd8 30. Nb4 Bb6 31. f3 c5 32. Nc2 c4 33. a4 Kb7 34. axb5 Qxb5 35. Na3 Qc6 36. Nxc4 Bc7 37. Qd3 e5 38. Nd2 Bb6 39. Qxf5 Be3 40.
Qxf7+ Kb8 41. Ne4 Qa6 42. Qe8+ Kb7 43. Qd7+ Ka8 44. Qd5+ Ka7 45. c4 Qa4 46. Nc3 Qb3 47.
Qd7+ Ka8 48. Qa4+ 1-0

[Event "*** Titled Tuesday Blitz"]
[Site "Chess.com"]
[Date "2020.10.20"]
[Round "2"]
[White "LastHeroJr"]
[Black "barriochess"]
[Result "0-1"]
[WhiteElo "2422"]
[BlackElo "2273"]
[TimeControl "180+1"]
[EndTime "10:18:23 PDT"]
[Termination "barriochess won by resignation"]

1. e4 d6 2. d4 Nf6 3. Nc3 g6 4. Be3 c6 5. Qd2 Nbd7 6. Nf3 e5 7. Bd3 Qe7 8. O-O Bg7 9. Ne2 O-O 10. h3 exd4 11.
Bxd4 Nxe4 12. Bxe4 Qxe4 13. Nc3 Qf5 14. Bxg7 Kxg7 15.
Qxd6 Qxc2 16. Nd4 Qxb2 17. Ne4 Qb6 18. Rab1 Qd8 19. Qf4 Nf6 20. Ng3 Nd5 21. Qc1 Kg8 22. Re1 Re8 23. Rxe8+ Qxe8 24. Qd2 b6 25. Re1 Qd7 26.
Ne4 Bb7 27. Nf3 f5 28. Neg5 Rd8 29. Qb2 h6 30. Ne6 Re8 31. Qe5 Bc8 32. Nfd4 c5 33.
Qg3 Kh7 34. Qe5 cxd4 35. Ng5+ hxg5 36. Qxe8 Qxe8 37. Rxe8 Ba6 38. Rd8 Bc4 39. f3 d3 40.
Rd7+ Kh6 41. Kf2 d2 42. Rxd5 Bxd5 43. Ke2 Bxa2 0-1

[Event "*** Titled Tuesday Blitz"]
[Site "Chess.com"]
[Date "2020.10.20"]
[Round "2"]
[White "VladaSviridova"]
[Black "medalja"]
[Result "0-1"]
[WhiteElo "2253"]
[BlackElo "2450"]
[TimeControl "180+1"]
[EndTime "10:18:23 PDT"]
[Termination "medalja won by resignation"]

1. d4 Nf6 2. c4 e6 3. Nf3 d5 4. Nc3 Be7 5. Bf4 O-O 6. e3 c5 7. dxc5 Bxc5 8. a3 Nc6 9. Qc2 Qa5 10. Rd1 Re8 11. Nd2 e5 12. Bg5 Nd4 13. Qb1 Bf5 14. Bd3 Bxd3 15. Qxd3 Ne4 16. Ndxe4 dxe4 17. Qxe4 Bxa3 18.
O-O Bxb2 19. Nd5 Ne2+ 20. Kh1 Nc3 21. Nxc3 Bxc3 22. Qxb7 Rab8 23. Qe4 h6 24. Bh4 Qc7 25. Rd3 Bb4 26. h3 a5 27. Rfd1 a4 28. Rd7 Qb6 29. Qf5 Qe6 30. Qxe6 Rxe6 31. Rd8+ Rxd8 32. Rxd8+ Kh7 33. Rb8 Bc5 34. Ra8 a3 35.
Bg3 f6 36. Kh2 Rb6 37. Ra5 Rb1 38. Rxc5 a2 39. Ra5 a1=Q 40. Rxa1 Rxa1 41. f4 e4 42. h4 Rc1 43. h5 Rxc4 44. Bf2 Rc5 45. g4 Rc2 46. Kg3 Kg8 47. Be1 Kf7 48. Ba5 Re2 49. Bb6 Ke6 50. f5+ Kd5 51. Bd4 Kc4 52. Kf4 Rf2+ 53.
Kg3 Rf3+ 54. Kg2 Kd3 55. Kg1 Rxe3 56. Bxe3 Kxe3 57. Kf1 Kf4 58. Ke2 Kxg4 59. Ke3 Kxf5 0-1

[Event "*** Titled Tuesday Blitz"]
[Site "Chess.com"]
[Date "2020.10.20"]
[Round "2"]
[White "AryanTari"]
[Black "MatyChess1"]
[Result "1-0"]
[WhiteElo "2860"]
[BlackElo "2546"]
[TimeControl "180+1"]
[EndTime "10:18:25 PDT"]
[Termination "AryanTari won on time"]

1. c4 e6 2. Nc3 d5 3. d4 Bb4 4. cxd5 exd5 5. Bf4 c6 6. e3 Nf6 7. Bd3 O-O 8. h3 c5 9. Ne2 Nc6 10. dxc5 Bxc5 11. O-O h6 12. Rc1 Be6 13. Na4 Be7 14. Nc5 Bxc5 15. Rxc5 Re8 16. a3 Ne4 17. Rc1 Qf6 18.
b4 Rad8 19. b5 Ne5 20. Nd4 Nxd3 21. Qxd3 Qg6 22. Nxe6 Qxe6 23. Rc7 Rc8 24. Rfc1 Rxc7 25. Rxc7 Rc8 26. Qc2 Rxc7 27. Qxc7 Qf6 28. Qxb7 Qa1+ 29.
Kh2 Nxf2 30. Qc8+ Kh7 31. Qf5+ Kg8 32. Qxd5 Qh1+ 33. Kg3 Qe1 34. Kf3 Qf1 35. Kg3 Qe1 36. Qf3 Nh1+ 37. Kh2 Nf2 38. a4 Kh7 39. a5 f5 40. Be5 Qh1+ 41. Kg3 Ne4+ 42. Kh4 1-0

[Event "*** Titled Tuesday Blitz"]
[Site "Chess.com"]
[Date "2020.10.20"]
[Round "2"]
[White "MaxLeto"]
[Black "Skatchkov_V"]
[Result "1-0"]
[WhiteElo "2332"]
[BlackElo "2534"]
[TimeControl "180+1"]
[EndTime "10:18:26 PDT"]
[Termination "MaxLeto won by checkmate"]

1. g4 d5 2. Bg2 Bxg4 3. c4 c6 4. Qb3 Qc7 5. cxd5 cxd5 6. Nc3 Nf6 7. Nxd5 Nxd5 8. Bxd5 Nc6 9. Bxf7+ Kd7 10. Nf3 Rd8 11.
h3 e6 12. hxg4 Qd6 13. d3 Ke7 14. Bg6 h6 15. Bg5+ hxg5 16. Rxh8 Kf6 17. Be4 Qf4 18. e3 Qxg4 19. O-O-O e5 20. Rg1 Qc8 21. Kb1 g4 22.
Nh2 Bc5 23. Nxg4+ Ke7 24. Rxd8 Qxd8 25. Qd5 Qc7 26. Nh2 Kf6 27. Rg6+ Ke7 28. Rxg7+ Kf6 29. Rxc7 Ne7 30. Ng4+ Kg5 31. Rxe7 Bxe7 32. Qxe5+ Kxg4 33. Qxe7 Kh3 34. Qh7+ Kg4 35. f4 Kg3 36. Qg6+ Kf2 37. f5 Kxe3 38. f6 b5 39. f7 b4 40.
f8=Q b3 41. Qfh6+ Kd4 42. axb3 a5 43. Qg1+ Ke5 44. Qc5# 1-0

[Event "*** Titled Tuesday Blitz"]
[Site "Chess.com"]
[Date "2020.10.20"]
[Round "2"]
[White "Ze-Pequeno"]
[Black "Shubinkirill2003"]
[Result "0-1"]
[WhiteElo "2207"]
[BlackElo "2646"]
[TimeControl "180+1"]
[EndTime "10:18:27 PDT"]
[Termination "Shubinkirill2003 won by resignation"]

1. e4 e6 2. d4 d5 3. Nc3 Bb4 4. e5 b6 5. a3 Bf8 6. b4 c5 7.
Nf3 cxb4 8. Nb5 a6 9. Nd6+ Bxd6 10. exd6 Qxd6 11. Bd3 Nf6 12. O-O b3 13. cxb3 O-O 14. Re1 Bb7 15. Ne5 Nc6 16. Bf4 Qe7 17. Bc2 Ne4 18.
Qd3 Rac8 19. f3 Nxe5 20. Bxe5 Rc3 21. Qe2 Rfc8 22. Bd3 Nf6 23. Reb1 Nd7 24. Bg3 Qf6 25. Bf2 e5 26. dxe5 Nxe5 27. Bxa6 Rc2 28. Qb5 Bxa6 29. Qxa6 h5 30. Qxb6 Qf5 31. Rf1 Nd3 32. Qa6 Nxf2 33. Rxf2 Rxf2 34. Kxf2 Rc2+ 35. Kg1 h4 36. h3 Qf4 37.
Qf1 Qd4+ 38. Kh1 Qb2 39. Rb1 Qxa3 40. b4 Qa7 41. b5 Qb6 42. Qd3 Ra2 43. Qxd5 Rc2 44.
Qd3 Rc8 45. Qc4 Rxc4 0-1

[Event "*** Titled Tuesday Blitz"]
[Site "Chess.com"]
[Date "2020.10.20"]
[Round "2"]
[White "korbul"]
[Black "VitaliyBernadskiy"]
[Result "1-0"]
[WhiteElo "2523"]
[BlackElo "2781"]
[TimeControl "180+1"]
[EndTime "10:18:28 PDT"]
[Termination "korbul won by resignation"]

1. e4 e5 2. Nf3 Nc6 3. Bb5 g6 4. O-O Bg7 5. c3 a6 6. Ba4 d6 7. d4 Bd7 8. d5 Nce7 9. c4 h6 10.
Nc3 f5 11. exf5 gxf5 12. Nh4 Nf6 13. f4 e4 14. Be3 Bxa4 15. Qxa4+ Kf7 16. Ne2 b5 17.
Qc2 Ng4 18. Bd4 Rg8 19. Bxg7 Rxg7 20. Nd4 Ne3 21. Qe2 Nxf1 22. Rxf1 Qd7 23. Ne6 Rg4 24. Nxf5 Nxf5 25. Qxg4 Kf6 26. Qe2 e3 27. g4 Rg8 28. Kh1 bxc4 29. gxf5 Qb5 30. Qxe3 Qxd5+ 31. Qf3 Qxf3+ 32. Rxf3 c5 33. Nc7 Kxf5 34. Rf2 Rc8 35. Nd5 Ke4 36. Nc3+ Ke3 37. Rf1 Rd8 38. f5 d5 39. f6 d4 40. f7 dxc3 41. bxc3 Rf8 42. Kg2 Kd3 43. Rf3+ Kc2 44. Kg3 Kb2 45. Kg4 Kxa2 46.
Kh5 Kb3 47. Kxh6 a5 48. Kg7 Rb8 49. f8=Q Rxf8 50. Kxf8 a4 51. h4 a3 52. h5 a2 53.
Rf1 Kxc3 54. h6 Kb2 55. h7 c3 56. h8=Q 1-0

[Event "*** Titled Tuesday Blitz"]
[Site "Chess.com"]
[Date "2020.10.20"]
[Round "2"]
[White "Sven_Tica"]
[Black "BikingBrian"]
[Result "1-0"]
[WhiteElo "2660"]
[BlackElo "2251"]
[TimeControl "180+1"]
[EndTime "10:18:28 PDT"]
[Termination "Sven_Tica won by resignation"]

1. d4 Nf6 2. c4 g6 3. Nc3 Bg7 4.
Bf4 O-O 5. e3 c5 6. d5 d6 7. h3 a6 8. Nf3 Qa5 9. Qd2 b5 10. cxb5 axb5 11. Bxb5 Ne4 12. Nxe4 Qxb5 13. Nc3 Qc4 14. Rc1 Ba6 15. b3 Qb4 16. Na4 Qxd2+ 17. Nxd2 Nd7 18. Nc4 Rfb8 19. O-O Bb5 20. Nc3 Bxc4 21.
bxc4 Bxc3 22. Rxc3 Rxa2 23. e4 Kg7 24. Re1 Rbb2 25.
Bg3 f6 26. h4 Ne5 27. Bxe5 fxe5 28. Rf1 Re2 29. h5 gxh5 30. Rg3+ Kh6 31. f3 h4 32. Rg4 Kh5 33. Kh2 Rec2 34. Rb1 Rxc4 35. Rb8 h3 36. Kxh3 Rc1 37. Rbg8 Rh1+ 38. Kg3 h6 39. R4g7 Rh4 40. Rf8 Rf4 41. Rxf4 exf4+ 42. Kxf4 c4 43. g4+ Kh4 44. Rxe7 c3 45. Rh7 Kh3 46. Rxh6+ Kg2 47. Rxd6 c2 48. Rc6 Kf2 49. d6 Ke2 50. d7 Ra8 51. Rxc2+ Kd3 52. Rc8 Rxc8 1-0

[Event "*** Titled Tuesday Blitz"]
[Site "Chess.com"]
[Date "2020.10.20"]
[Round "2"]
[White "rururkowiec"]
[Black "Pikachess999"]
[Result "0-1"]
[WhiteElo "2702"]
[BlackElo "2353"]
[TimeControl "180+1"]
[EndTime "10:18:28 PDT"]
[Termination "Pikachess999 won by resignation"]

1. e4 e6 2. d4 d5 3. e5 c5 4. c3 Nc6 5. Nf3 Bd7 6. a3 Nge7 7. b4 cxd4 8. cxd4 Nf5 9. Bb2 b5 10. Nbd2 a5 11. Bxb5 axb4 12. a4 Qb6 13. Nb3 Be7 14. O-O O-O 15. Rc1 Rfc8 16. Qd3 h6 17. g4 Nh4 18. Nxh4 Bxh4 19. Nc5 Be8 20. f4 Na5 21. f5 Bxb5 22. axb5 Nc4 23. Rxc4 dxc4 24. Qxc4 Be7 25.
Rc1 Ra5 26. fxe6 fxe6 27. Qb3 Rxb5 28. Nxe6 Rxc1+ 29. Bxc1 Kh8 30. Qc4 Rxe5 31. Nf4 Qxd4+ 32. Qxd4 Bc5 33. Qxc5 Rxc5 34. Bb2 Rc2 35. Be5 Rd2 36. Nh5 b3 37. Nxg7 b2 38. Nf5+ Kh7 39.
Bxb2 Rxb2 40. h4 Rb4 41. Ne3 Rb2 42. Nf5 Kg6 43. Kf1 Rh2 44. Kg1 Re2 45. Kf1 Re4 46.
g5 Kxf5 0-1

[Event "*** Titled Tuesday Blitz"]
[Site "Chess.com"]
[Date "2020.10.20"]
[Round "2"]
[White "RasSanti"]
[Black "alejanchess73"]
[Result "1-0"]
[WhiteElo "2275"]
[BlackElo "2434"]
[TimeControl "180+1"]
[EndTime "10:18:28 PDT"]
[Termination "RasSanti won by resignation"]

1. d4 Nf6 2. Bg5 d5 3. Bxf6 exf6 4. c4 dxc4 5. Nc3 Bb4 6. e3 O-O 7. Bxc4 c5 8. a3 Bxc3+ 9. bxc3 Qa5 10. Qd2 Nc6 11. Ne2 Rd8 12. O-O cxd4 13. exd4 b5 14.
Bd3 a6 15. Qc2 g6 16. Rfc1 Bb7 17. Be4 Rac8 18. Qd2 Kg7 19. Qf4 Qc7 20. Qf3 Na5 21. Bxb7 Qxb7 22. Qxb7 Nxb7 23. a4 Nd6 24. f3 Rc4 25.
axb5 axb5 26. Rcb1 g5 27. Kf2 h5 28. Ra6 h4 29. Ke3 Nf5+ 30. Kd3 Re8 31. Rxb5 Rxe2 32.
Kxe2 Ne7 33. Kd3 Rc7 34. Rab6 Ng6 35. g3 h3 36. Rb7 Rc6 37. R7b6 Rc8 38. c4 Ra8 39. d5 Ra2 40. Rb2 Ra3+ 41. R6b3 Ra1 42. Kd4 Ne5 43. Re3 Rd1+ 44. Kc5 Rc1 45. Rxe5 fxe5 46.
d6 Rd1 47. Kc6 f5 48. c5 e4 49. fxe4 fxe4 50. d7 e3 51. Re2 Rd3 52. Kc7 g4 53. c6 Kf6 54. d8=Q+ Rxd8 55. Kxd8 1-0

[Event "*** Titled Tuesday Blitz"]
[Site "Chess.com"]
[Date "2020.10.20"]
[Round "2"]
[White "SchieberSpieler"]
[Black "LubovMarkelova"]
[Result "1-0"]
[WhiteElo "2442"]
[BlackElo "2243"]
[TimeControl "180+1"]
[EndTime "10:18:28 PDT"]
[Termination "SchieberSpieler won on time"]

1. Nf3 d5 2. d4 Nf6 3. c4 c6 4. Qc2 dxc4 5. Qxc4 Bg4 6. Nbd2 e6 7. g3 Nbd7 8. Bg2 Be7 9. O-O O-O 10. b3 Rc8 11. Bb2 b5 12. Qc2 c5 13. Rfc1 Nb6 14. Qd1 Nbd5 15.
Ne5 Bh5 16. dxc5 Bxc5 17. Nd3 Be7 18. Rxc8 Qxc8 19. Rc1 Qb8 20. Be5 Bd6 21. Bxd6 Qxd6 22. Nf3 Rd8 23. Qe1 b4 24. e4 Nc3 25. Nxb4 Qxb4 26.
Qxc3 Qxc3 27. Rxc3 Rd1+ 28. Bf1 h6 29. Kg2 Nxe4 30.
Rc8+ Kh7 31. Be2 Ra1 32. Rc2 Bg6 33. Bd3 Nd6 34. Ne5 Bxd3 35. Nxd3 Nf5 36. Nb4 Nd4 37. Rd2 Nb5 38. Nc6 a6 39. Nb4 a5 40. Nc6 Nc3 41.
a4 Nd5 42. Nxa5 Rb1 43. Kf3 Kg6 44. Ke4 Nc3+ 45. Kd3 Nd1 46. Kc4 Nb2+ 47. Kb5 1-0

[Event "*** Titled Tuesday Blitz"]
[Site "Chess.com"]
[Date "2020.10.20"]
[Round "2"]
[White "MIJuanReyesRosa"]
[Black "Nara_Kh"]
[Result "0-1"]
[WhiteElo "2097"]
[BlackElo "2385"]
[TimeControl "180+1"]
[EndTime "10:18:29 PDT"]
[Termination "Nara_Kh won on time"]

1. d4 d5 2. c4 c6 3. Nc3 Nf6 4. Nf3 dxc4 5. e3 b5 6. a4 b4 7. Na2 e6 8. Bxc4 a5 9. O-O Bd6 10. b3 O-O 11. Bb2 Nbd7 12. Nc1 Nb6 13. Be2 Ne4 14. Nd3 Nd5 15. Nde5 Ndc3 16. Bxc3 Nxc3 17. Qd2 Nxe2+ 18. Qxe2 Ba6 19. Nc4 c5 20. Rac1 cxd4 21. Nxd4 e5 22. Nf5 Bc7 23. Qg4 Qf6 24. Rfd1 Rad8 25.
h4 Kh8 26. e4 Bb7 27. Nce3 Bb6 28. Nd5 Bxd5 29. exd5 g6 30. Rc6 Bxf2+ 31. Kxf2 gxf5 32.
Rxf6 fxg4 33. Ra6 f5 34. Rxa5 Rd6 35. Rb5 Rc8 36. Rxb4 Rc2+ 37. Kg3 Rc3+ 38. Kf2 g3+ 39. Kf1 f4 40. Rc4 Rxb3 41. Rc8+ Kg7 42. Rc7+ Kf6 43. Rc6 Ke7 44. Rc7+ Kd8 0-1

[Event "*** Titled Tuesday Blitz"]
[Site "Chess.com"]
[Date "2020.10.20"]
[Round "2"]
[White "tylityli"]
[Black "ShapkinAnatoliy"]
[Result "0-1"]
[WhiteElo "2220"]
[BlackElo "2650"]
[TimeControl "180+1"]
[EndTime "10:18:31 PDT"]
[Termination "ShapkinAnatoliy won on time"]

1. d4 Nf6 2. c4 g6 3. Nc3 d5 4.
cxd5 Nxd5 5. Bd2 Bg7 6. e4 Nb6 7. Be3 O-O 8. Bb5 Be6 9. d5 Bd7 10. Be2 c6 11. Nf3 Bg4 12. Bd4 Bxf3 13. Bxf3 Bxd4 14.
Qxd4 cxd5 15. exd5 Nc6 16. Qf4 Na5 17. O-O Nac4 18. b3 Nd6 19. Rad1 Rc8 20. Ne4 Nxe4 21. Qxe4 Qd6 22. h4 h5 23. Rfe1 Rc7 24. g4 hxg4 25.
Qxg4 Nd7 26. Kg2 Nf6 27. Qg3 Kg7 28. Re5 Rc2 29. h5 Nd7 30. h6+ Kxh6 31. Rh1+ Kg7 32. Re2 Qxg3+ 33. Kxg3 Rxe2 34. Bxe2 Rc8 35. Bc4 Ne5 36.
Rh4 a6 37. a4 f5 38. Rd4 Nf7 39. f4 Nd6 40. Kf3 b5 41. Be2 Kf6 42. axb5 axb5 43.
Rb4 Rc5 44. Rd4 Ne4 0-1

[Event "*** Titled Tuesday Blitz"]
[Site "Chess.com"]
[Date "2020.10.20"]
[Round "2"]
[White "atalz0"]
[Black "night_player"]
[Result "0-1"]
[WhiteElo "2410"]
[BlackElo "2247"]
[TimeControl "180+1"]
[EndTime "10:18:31 PDT"]
[Termination "night_player won by resignation"]

1. d4 d5 2. c4 e6 3. Nc3 Nf6 4. cxd5 exd5 5. Bg5 c6 6. e3 Bf5 7. Qf3 Bg6 8. Bxf6 Qxf6 9. Qxf6 gxf6 10. Nf3 Nd7 11. Nh4 Bb4 12. f3 O-O-O 13. Kf2 Rhe8 14.
g3 Re7 15. Rc1 Kb8 16. Bh3 Nb6 17. a3 Bxc3 18. Rxc3 Rde8 19. Nf5 Bxf5 20. Bxf5 Nc4 21.
Bxh7 Nxe3 22. Bd3 Nc4 23. Rb1 Nb6 24. Rcc1 Rh8 25. h4 Kc7 26. Re1 Kd6 27. Rxe7 Kxe7 28. Re1+ Kd6 29. Rh1 Nc4 30. Bxc4 dxc4 31. Ke3 Kd5 32. Rd1 b5 33. Rd2 Rg8 34. Kf4 a5 35. g4 b4 36. axb4 axb4 37. Kf5 c3 38. bxc3 bxc3 39.
Rd1 Kc4 40. h5 c2 41. Rh1 Kd3 42. Kxf6 Kd2 43. Kxf7 Rd8 44. h6 c1=Q 45. h7 Qxh1 0-1

[Event "*** Titled Tuesday Blitz"]
[Site "Chess.com"]
[Date "2020.10.20"]
[Round "2"]
[White "GregShahade"]
[Black "SHIVACalypso"]
[Result "1-0"]
[WhiteElo "2663"]
[BlackElo "2348"]
[TimeControl "180+1"]
[EndTime "10:18:32 PDT"]
[Termination "GregShahade won by resignation"]

1. e4 e6 2. d4 d5 3. Nd2 Nf6 4. e5 Nfd7 5. c3 c5 6. Bd3 Nc6 7. Ne2 cxd4 8. cxd4 f6 9. exf6 Nxf6 10. O-O Bd6 11.
Nf3 O-O 12. Bf4 Bxf4 13. Nxf4 Ne4 14. Ne2 Rxf3 15. gxf3 Ng5 16. Kh1 e5 17. Qb3 Kh8 18.
Bc2 Be6 19. f4 exf4 20. Nxf4 Bf7 21. Rad1 Qd6 22. Qg3 Qf6 23. Rfe1 Rf8 24. h4 Ne6 25. Nxd5 Qh6 26. Ne3 Nexd4 27. Nf5 Nxf5 28. Bxf5 Bxa2 29. Be4 Bb3 30. Rd7 Be6 31. Rxb7 Nd8 32. Rxa7 Nf7 33.
Bg2 Nd6 34. Qxd6 Qxh4+ 35. Qh2 Qxf2 36. Rg1 Qxa7 37. Be4 g6 38. Qe5+ Qg7 39. Qxe6 Qf7 40. Qxf7 Rxf7 41. Rb1 Re7 42. Bg2 Re8 43. b4 Rb8 44. b5 Rb6 45. Bc6 h5 46. Ra1 Kg7 47. Ra6 Rb8 48. b6 g5 49. b7 1-0

[Event "*** Titled Tuesday Blitz"]
[Site "Chess.com"]
[Date "2020.10.20"]
[Round "2"]
[White "Chernobay_Artem"]
[Black "Me_ch_an"]
[Result "1-0"]
[WhiteElo "2572"]
[BlackElo "2318"]
[TimeControl "180+1"]
[EndTime "10:18:32 PDT"]
[Termination "Chernobay_Artem won on time"]

1. d4 d5 2. c4 dxc4 3. e4 e5 4. Nf3 exd4 5. Bxc4 Bb4+ 6. Nbd2 Qf6 7. O-O Ne7 8. e5 Qg6 9. Nh4 Qg4 10. Ndf3 Nbc6 11. a3 Bc5 12. b4 Bb6 13. Re1 O-O 14. h3 Qd7 15. Ng5 Nd5 16. Qf3 Nce7 17. Qh5 h6 18. Nxf7 Qe6 19. Nxh6+ gxh6 20. Re4 Qf7 21. Qxh6 Qg7 22.
Ng6 Qxh6 23. Nxe7+ Kh7 24. Bxh6 Kxh6 25. Nxd5 Bf5 26. Rh4+ Kg5 27. g3 d3 28. Nxb6 axb6 29. f4+ Kg6 30. g4 Be4 31. f5+ Kg5 32. Rh5+ Kf4 33.
Kf2 Rad8 34. e6 Rfe8 35. Rd1 d2 36. Rh7 Bc2 37. Ke2 Bxd1+ 38. Kxd1 c5 39. f6 Ke3 40. e7 Rd7 41. Bb5 1-0

[Event "*** Titled Tuesday Blitz"]
[Site "Chess.com"]
[Date "2020.10.20"]
[Round "2"]
[White "DanielTitichoca"]
[Black "HouseOfDurin"]
[Result "1-0"]
[WhiteElo "2407"]
[BlackElo "2149"]
[TimeControl "180+1"]
[EndTime "10:18:32 PDT"]
[Termination "DanielTitichoca won on time"]

1. e4 c5 2. Nf3 Nc6 3. d4 cxd4 4. Nxd4 a6 5. Nc3 e5 6. Nde2 Nf6 7. g3 d6 8. Bg2 Be6 9. h3 Be7 10.
O-O O-O 11. Be3 Qd7 12. Kh2 Rfd8 13. Nd5 Bxd5 14. exd5 Na5 15. Bb6 Nc4 16. Bxd8 Bxd8 17. b3 Nb6 18. c4 a5 19. a4 Qe7 20. Nc3 Nbd7 21. Re1 Nc5 22. Nb5 Qd7 23. g4 h6 24. Qc2 Na6 25. Re3 Nb4 26. Qd2 Ne8 27. Rg3 Bg5 28. Qc3 Bf4 29. Re1 Bxg3+ 30. Qxg3 Nc7 31. f4 f6 32. Be4 Nxb5 33. axb5 a4 34. Bf5 Qc7 35. bxa4 Rxa4 36. Qb3 Ra2+ 37. Kh1 Qc5 38.
Be6+ Kh8 39. Qe3 Qxc4 40. fxe5 Nc2 41. Qe4 Qc3 42. Rc1 Qxh3+ 43. Kg1 Qg3+ 44. Kh1 Qh3+ 45. Kg1 Ra3 46. Rxc2 Ra1+ 47. Kf2 Rf1+ 48. Ke2 1-0

[Event "*** Titled Tuesday Blitz"]
[Site "Chess.com"]
[Date "2020.10.20"]
[Round "2"]
[White "MuhittinBuker"]
[Black "BanjoKazooieN64"]
[Result "0-1"]
[WhiteElo "2090"]
[BlackElo "2383"]
[TimeControl "180+1"]
[EndTime "10:18:33 PDT"]
[Termination "BanjoKazooieN64 won on time"]

1. d4 Nf6 2. c4 g6 3. Nc3 Bg7 4. e4 d6 5. Nf3 O-O 6. Be2 e5 7. O-O Nc6 8. d5 Ne7 9. Ne1 Nd7 10. Nd3 f5 11. Bd2 Nf6 12. f3 f4 13. c5 g5 14.
cxd6 cxd6 15. Nf2 Ng6 16. Qc2 h5 17. h3 Bd7 18. Rfc1 Rc8 19. a4 g4 20. hxg4 hxg4 21.
fxg4 Nh4 22. Qd1 Qe8 23. Nb5 Rxc1 24. Rxc1 Qg6 25. Bf3 Nxf3+ 26. gxf3 Nxg4 27. fxg4 f3 28. g5 Bh6 29. Kf1 Bxg5 30. Ke1 Bh4 31. Be3 Rf4 32. Kd2 Rxe4 33. Nxe4 Qxe4 34. Nc3 Qb4 35. Kc2 Bf5+ 36. Qd3 Bxd3+ 37. Kxd3 Qxb2 38. Rg1+ Kf7 39. Rf1 f2 40. Bxf2 Bxf2 41. Nd1 Qb3+ 42. Ke2 Qxd5 43. Rxf2+ Ke7 44. Ne3 Qa2+ 45. Kf3 Qxa4 0-1

[Event "*** Titled Tuesday Blitz"]
[Site "Chess.com"]
[Date "2020.10.20"]
[Round "2"]
[White "Anton_Demchenko"]
[Black "juancruzarias"]
[Result "0-1"]
[WhiteElo "2836"]
[BlackElo "2551"]
[TimeControl "180+1"]
[EndTime "10:18:34 PDT"]
[Termination "juancruzarias won on time"]

1. e4 e6 2. d4 d5 3. Nd2 Be7 4. Ngf3 Nf6 5. e5 Nfd7 6. c3 c5 7. Be2 Nc6 8. O-O a5 9. a4 b6 10.
Bb5 Na7 11. Bd3 Nc6 12. Re1 Ba6 13. Bxa6 Rxa6 14. Nf1 cxd4 15. cxd4 Nb4 16. Ra3 Ra7 17. Bd2 Rc7 18. Rc3 Qb8 19. Qe2 O-O 20. Ng3 Rfc8 21.
h4 Na2 22. Rxc7 Qxc7 23. h5 Qc2 24. Qa6 Rd8 25. h6 g6 26. Qb5 Bb4 27. Bxb4 Nxb4 28. Re2 Qc1+ 29. Re1 Qxh6 30. Nf1 Qf4 31. Qe2 Rc8 32.
Ne3 Qe4 33. Qb5 Nf8 34. Qxb6 Nd3 35. Rd1 Nf4 36. Qb5 h6 37. Nd2 Qxd4 38. Nf3 Qe4 39.
Ng4 Nh7 40. Rd4 Ne2+ 41. Kh2 Nxd4 42. Qd7 Rf8 43. Nxd4 Qf4+ 44. Kh3 Qxd4 45. f3 h5 46. Nf6+ Nxf6 47. exf6 Qxf6 48. Qc7 Qxb2 49. Qxa5 Rb8 50. Qa7 Qb7 51. Qd4 Ra8 52. Kh4 Qa6 53. Kg5 Qxa4 54. Qe5 Qa1 0-1

[Event "*** Titled Tuesday Blitz"]
[Site "Chess.com"]
[Date "2020.10.20"]
[Round "2"]
[White "Deepweb2020"]
[Black "Sjakkerntobi"]
[Result "1-0"]
[WhiteElo "2241"]
[BlackElo "2415"]
[TimeControl "180+1"]
[EndTime "10:18:34 PDT"]
[Termination "Deepweb2020 won on time"]

1. d4 e6 2. c4 Nf6 3. g3 c5 4.
Nf3 g6 5. Bg2 Bg7 6. O-O O-O 7.
Nc3 d6 8. dxc5 dxc5 9. Be3 Nbd7 10. Na4 Qe7 11. h3 Rb8 12. Qc2 b6 13. Rfd1 Bb7 14.
Nc3 Rbd8 15. Nb5 Nb8 16. Bf4 Ne8 17. Rxd8 Qxd8 18. Rd1 Qe7 19. Nxa7 Nc6 20. Nb5 f6 21. Nd6 e5 22. Nxb7 Qxb7 23. Bc1 Qc7 24. e3 Nd6 25. Nd2 Rd8 26. Ne4 Nxe4 27. Bxe4 Ne7 28. b3 f5 29. Bf3 e4 30. Bg2 Nc6 31. Rd2 Nb4 32. Qd1 Rd3 33. Bf1 Rxd2 34. Qxd2 Qd8 35. Qxd8+ 1-0